Cogmind - Beta 15 @@@ ROGUE MODE // 2025.10.11 @ 18:42:40 Player: LameThyst Result: Destroyed by S-10 Pest with Light Assault Rifle Performance ------------- Evolutions (0) 0 Regions Visited (2) 400 Robots Destroyed (28) 140 Value Destroyed (534) 534 Prototype IDs (0) 0 Alien Tech Used (0) 0 Bonus (0) 0 TOTAL SCORE: 1074 Bonus ------- None Cogmind --------- Core Integrity 0/250 Matter 300/300 Energy 250/250 System Corruption 0% Temperature Cool (6) Movement Walking (120) Location -10/Mines Parts ------- > --- POWER (1) -------- Ion Engine > --- PROPULSION (2) --- Aluminum Leg Aluminum Leg > --- UTILITY (2) ------ Small Storage Unit Sensor Array > --- WEAPON (2) ------- (None) > --- INVENTORY (8) ---- Aluminum Leg Compact Wheel Structural Scanner Mining Laser Peak State ------------ > --- POWER ------------ Ion Engine > --- PROPULSION ------- Aluminum Leg Aluminum Leg > --- UTILITY ---------- Small Storage Unit Seismic Detector > --- WEAPON ----------- Small Laser Light Assault Rifle > --- INVENTORY -------- Ion Engine Compact Wheel Compact Wheel Small Matter Pod Improved Terrain Scanner Improved Terrain Scanner EM Pulse Gun Mining Laser [Rating: 8] Favorites ----------- Power Ion Engine Engine Ion Engine Propulsion Aluminum Leg Leg Aluminum Leg Utility Small Storage Unit Device Seismic Detector Storage Small Storage Unit Weapon Light Assault Rifle Energy Gun Beam Rifle Ballistic Gun Light Assault Rifle Special Weapon Mining Laser Build | -11 -10 -10 ------- Run | Yrd Mat Min Slots Evolved . | . . . Power . | . . . Propulsion . | . . . Utility . | . . . Weapon . | . . . Parts Attached 20 | 7 11 2 Power 4 | 1 3 . Engine 4 | 1 3 . Core . | . . . Reactor . | . . . Propulsion 5 | 2 2 1 Treads . | . . . Leg 5 | 2 2 1 Wheel . | . . . Hover . | . . . Flight . | . . . Utility 5 | 2 2 1 Device 3 | 1 1 1 Storage 2 | 1 1 . Processor . | . . . Hackware . | . . . Protection . | . . . Artifact . | . . . Weapon 6 | 2 4 . Energy Gun 4 | 1 3 . Energy Cannon . | . . . Ballistic Gun 1 | 1 . . Ballistic Cannon . | . . . Launcher . | . . . Special Weapon 1 | . 1 . Impact Weapon . | . . . Slashing Weapon . | . . . Piercing Weapon . | . . . Special Melee Weapon . | . . . Unidentified Prototypes . | . . . Parts Lost 6 | . 2 4 Power . | . . . Propulsion 1 | . . 1 Utility 1 | . . 1 Weapon 4 | . 2 2 Highest Loss Streak 3 | . 1 3 To Critical Strikes . | . . . Average Backups 7 | 5 7 5 Power . | . . . Propulsion 2 | 1 2 2 Utility 2 | 1 2 1 Weapon 1 | 1 1 1 Tool/Special . | . . . Unused Backups 11 | 3 7 1 Power . | . . . Propulsion 5 | 2 2 1 Utility 5 | 1 4 . Weapon 1 | . 1 . Tool/Special . | . . . Average Slot Usage (%) 98 | . 99 87 Engine 14 | . 14 14 Leg 27 | . 28 27 Device 13 | . 14 9 Storage 14 | . 14 14 Energy Gun 14 | . 13 22 Ballistic Gun 12 | . 14 . Peak Build Rating 8 | 8 8 8 Average Rating 7 | 5 7 7 On Entrance 4 | . 7 6 Naked Turns . | . . . Heaviest Build 16 | 13 15 16 Greatest Support 20 | 20 20 20 Greatest Overweight (x) . | . . . Average Overweight (x) . | . . . Largest Inventory Capacity 8 | 8 8 8 Average Capacity 7 | 7 8 8 Most Carried 8 | 8 8 6 Average Carried 7 | 5 7 5 Final Capacity 8 | 8 8 8 Final Carried 7 | 7 7 4 Class Distribution -------------------- 100% | Mutant Dominant Class ---------------- Mutant | -10/Materials Mutant | -10/Mines Resources | -11 -10 -10 ----------- Run | Yrd Mat Min Matter Collected 785 | 311 439 35 Remotely . | . . . Salvage Created 956 | 304 631 21 Parts 61 | 29 32 . Haulers Intercepted 1 | . 1 . Recyclers Shooed 3 | . 3 . Parts Field Recycled . | . . . Retrieved Matter . | . . . Parts Self-Destructed . | . . . Prevented . | . . . Kills | -11 -10 -10 ------- Run | Yrd Mat Min Combat Hostiles Destroyed 10 | . 8 2 Guns 10 | . 8 2 Classes Destroyed 8 | 3 4 1 Worker 3 | 3 . . Builder 1 | . 1 . Tunneler 9 | 9 . . Hauler 1 | . 1 . Recycler 3 | 1 2 . Watcher 1 | . 1 . Grunt 8 | . 8 . Demolisher 2 | . . 2 Best Kill Streak 5 | 3 5 2 Combat Bots Only 3 | . 3 2 Max Kills in Single Turn 1 | 1 1 1 Gunslinging . | . . . Exploded . | . . . Melee . | . . . Uniques/NPCs Destroyed . | . . . Combat | -11 -10 -10 -------- Run | Yrd Mat Min Hostile Shots Fired 78 | . 46 32 Missed 18 | . 10 8 Hits 60 | . 36 24 Projectile 60 | . 36 24 AOE 8 | . . 8 Damage Taken 957 | . 474 483 Core 255 | . 113 142 Absorbed by Shields . | . . . Core Remaining (%) 100 | 100 . . Volleys Fired 106 | 35 60 11 Largest 2 | 2 2 2 Hottest 120 | 60 120 96 Shots Fired 200 | 70 116 14 Gun 196 | 70 112 14 Cannon . | . . . Launcher . | . . . Special 4 | . 4 . Kinetic 92 | 35 57 . Thermal 67 | 35 21 11 Explosive . | . . . Electromagnetic 41 | . 38 3 Robot Hit Streak 10 | 9 10 2 Robot Miss Streak 4 | 4 3 2 Penetration Max . | . . . Secondary Targets . | . . . Shots Hit Robots 122 | 38 78 6 Core Hits 51 | 18 30 3 Critical Kills . | . . . Critical Parts Destroyed . | . . . Critical Strikes 4 | . 3 1 Burn 2 | . 1 1 Corrupt 2 | . 2 . Melee Attacks . | . . . Impact . | . . . Slashing . | . . . Piercing . | . . . Sneak Attacks . | . . . Combat Hostiles . | . . . Follow-up Attacks . | . . . Damage Inflicted 1312 | 376 826 110 Guns 1312 | 376 826 110 Cannons . | . . . Explosions . | . . . Melee . | . . . Ramming . | . . . Kinetic 384 | 113 271 . Thermal 487 | 263 136 88 Explosive . | . . . Electromagnetic 441 | . 419 22 Impact . | . . . Slashing . | . . . Piercing . | . . . Highest Corruption . | . . . Average Corruption . | . . . Corruption Purged . | . . . Corruption Blocked . | . . . Overload Shots . | . . . Overflow Damage . | . . . Projectiles . | . . . Explosions . | . . . Melee . | . . . Knockbacks . | . . . Impact . | . . . Kinetic . | . . . Secondary . | . . . Self-Inflicted Damage . | . . . Shots . | . . . Rammed . | . . . Targets Rammed 1 | . 1 . Kicked 1 | . 1 . Crushed . | . . . Highest Temperature 184 | 40 184 136 Average Temperature 53 | 20 67 63 Received Heat Transfer 267 | . 267 . Siege Activations . | . . . Martial Activations . | . . . Shielding Activations . | . . . Robots Disrupted . | . . . Combat Hostiles . | . . . Robots Corrupted . | . . . Combat Hostiles . | . . . Parts Fried 2 | . 2 . Impact Corruptions . | . . . Robots Melted . | . . . Combat Hostiles . | . . . Parts Melted 4 | 1 3 . Heat Transferred 1316 | 600 420 296 Parts Sabotaged . | . . . Parts Stolen . | . . . Parts Stripped . | . . . Power Chain Reactions . | . . . Alert | -11 -10 -10 ------- Run | Yrd Mat Min Maximum Alert Level . | . . . Low Security (%) 100 | 100 100 100 Level 1 . | . . . Level 2 . | . . . Level 3 . | . . . Level 4 . | . . . Level 5 . | . . . High Security . | . . . Max Security . | . . . Peak Influence 78 | 10 78 41 Initial 21 | . . 21 Average 15 | 1 19 16 Influence Increases 477 | 65 332 80 Destroy 0b10 Robot/C 200 | . 160 40 Destroy 0b10 Robot/NC 90 | 65 25 . Destroy Leader 54 | . 44 10 Successful Hack 54 | . 54 . Disable Machine 15 | . 15 . Destroy Structure 4 | . 4 . Lose Combat Pursuer 60 | . 30 30 Influence Decreases 476 | 65 276 135 Entered New Map 35 | . . 35 Time Decay 391 | 65 266 60 Lost Part 50 | . 10 40 Squads Dispatched 1 | . 1 . Investigation . | . . . Extermination . | . . . Reinforcement 1 | . 1 . Assault . | . . . Garrison . | . . . Intercept . | . . . Searches Triggered . | . . . Construction Impeded . | . . . Haulers Reinforced . | . . . Active Scanning Responses . | . . . Cargo Convoy Interrupts . | . . . Stealth | -11 -10 -10 --------- Run | Yrd Mat Min Distress Signals . | . . . Communications Jammed . | . . . Distress Signals . | . . . Times Spotted 27 | . 20 7 Peak Tracking Total 4 | . 4 3 Tactical Retreats 3 | . 2 1 Traps | -11 -10 -10 ------- Run | Yrd Mat Min Traps Triggered . | . . . Indirectly . | . . . Trap Hack Attempts . | . . . Triggered . | . . . Disarmed . | . . . Reprogrammed . | . . . Reused . | . . . Traps Extracted . | . . . Installed . | . . . Triggered . | . . . Machines | -11 -10 -10 ---------- Run | Yrd Mat Min Machines Disabled 1 | . 1 . Max in Single Turn 1 | . 1 . Machines Repaired . | . . . Machines Dismantled . | . . . Machines Sabotaged . | . . . Overloaded Fab Kills . | . . . Hacking | -11 -10 -10 --------- Run | Yrd Mat Min Machines Accessed 6 | . 6 . Terminals 6 | . 6 . Fabricators . | . . . Repair Stations . | . . . Recycling Units . | . . . Scanalyzers . | . . . Garrison Access . | . . . Total Hacks 20 | . 20 . Successful 12 | . 12 . Failed 8 | . 8 . Catastrophic 1 | . 1 . Database Lockouts . | . . . Manual 11 | . 11 . Terminals 20 | . 20 . Fabricators . | . . . Repair Stations . | . . . Recycling Units . | . . . Scanalyzers . | . . . Garrison Access . | . . . Terminal Hacks 5 | . 5 . Robot Analysis 1 | . 1 . Locate Traps 2 | . 2 . Zone Layout 2 | . 2 . Fabricator Hacks . | . . . Repair Station Hacks . | . . . Recycling Unit Hacks . | . . . Scanalyzer . | . . . Garrison Access Hacks . | . . . Unauthorized Hacks 7 | . 7 . Terminals 7 | . 7 . Botnet 2 | . 2 . Skim 5 | . 5 . Fabricators . | . . . Repair Stations . | . . . Recycling Units . | . . . Scanalyzers . | . . . Garrison Access . | . . . Data Cores Recovered . | . . . Used . | . . . Hacking Detections 6 | . 6 . Full Trace Events . | . . . Feedback Events . | . . . Feedback Blocked . | . . . Robot Schematics Acquired . | . . . Robots Built . | . . . Authchips . | . . . Time . | . . . Total Robot Build Rating . | . . . Part Schematics Acquired . | . . . Parts Built . | . . . Authchips . | . . . Time . | . . . Total Part Build Rating . | . . . Parts Repaired . | . . . Time . | . . . Parts Recycled . | . . . Recycled Matter . | . . . Retrieved Matter . | . . . Retrieved Components . | . . . Parts Scanalyzed . | . . . Part Schematics Acquired . | . . . Parts Damaged . | . . . Bothacking | -11 -10 -10 ------------ Run | Yrd Mat Min Used RIF Installer . | . . . Robots Hacked . | . . . Non-combat . | . . . Combat . | . . . Robot Hacks Applied . | . . . Relay Couplers Released . | . . . Fabnet Peak Effective % . | . . . Robots Rewired . | . . . Allies Hacked . | . . . Hacks Repelled . | . . . Allies | -11 -10 -10 -------- Run | Yrd Mat Min Total Allies . | . . . Largest Group . | . . . Highest-Rated Group . | . . . Highest-Rated Ally . | . . . Total Orders . | . . . Ally Attacks . | . . . Total Damage . | . . . Kills . | . . . Allies Corrupted . | . . . Allies Melted . | . . . Intel | -11 -10 -10 ------- Run | Yrd Mat Min Active Infowar (turns) 1553 | 121 1348 84 Sensors 23 | . . 23 Structural 294 | . 292 2 Seismic 1236 | 121 1056 59 Robot Analysis Total 1 | . 1 . Derelict Logs Recovered . | . . . Drone Launches . | . . . Drone Recoveries . | . . . Exploration | -11 -10 -10 ------------- Run | Yrd Mat Min Turns Passed 1886 | 406 1348 132 Spaces Moved 1130 | 241 818 71 Core 3 | 3 . . Treads . | . . . Legs 1127 | 238 818 71 Wheels . | . . . Hover . | . . . Flight . | . . . Fastest Speed 50 | 50 120 120 Average Speed 119 | 119 120 120 Slowest Speed 120 | 120 120 120 Overloaded Moves . | . . . Propulsion Burnouts . | . . . Robots Hopped . | . . . Potential Cave-ins . | . . . Cave-ins Triggered . | . . . Exploration Rate (%) 39 | 9 92 17 Regions Visited 2 Branch Regions 1 Pre-discovered Areas . | . . . Known Exits Taken . | . . . Unknown Exits Taken 2 | 1 1 . Scrap Searched . | . . . Spaces Dug 3 | . 3 . Terrain Destroyed 4 | . 4 . Melee . | . . . Projectile 4 | . 4 . AOE . | . . . Terrain Rammed . | . . . Walls Destroyed . | . . . Machines Disabled . | . . . Actions | -11 -10 -10 --------- Run | Yrd Mat Min Total 1473 | 295 1076 102 Wait 170 | . 155 15 Move 1128 | 240 817 71 Hop . | . . . Pick Up 19 | 10 9 . Fast Attach 7 | 7 . . Attach 4 | . 1 3 Detach . | . . . Swap 21 | . 19 2 Drop 17 | 3 14 . Fire 106 | 35 60 11 Melee . | . . . Ram . | . . . Kick 1 | . 1 . Crush . | . . . Escape Stasis . | . . . Rewire . | . . . Trap . | . . . Miscellaneous . | . . . Route ------- -11/Scrapyard -10/Materials (discovered 5 exits: *Mat x3 / [*Min] / *Sub) -10/Mines (discovered 1 exit: Sub) History --------- Turn | Location | Event 4 | -11/Scrapyard | Discovered new exit (range 15) 407 | -11/Scrapyard | Entered Materials 413 | -10/Materials | Build established: Mutant 467 | -10/Materials | Discovered new exit (range 15) 762 | -10/Materials | Discovered new exit (range 9) 989 | -10/Materials | Discovered new exit (range 8) 1272 | -10/Materials | Discovered new exit (range 10) 1295 | -10/Materials | Identified exit to Materials 1397 | -10/Materials | Learned 2 Storage zone layouts 1435 | -10/Materials | Learned location of 3 exits from Materials 1484 | -10/Materials | Learned 4 Subcaves zone layouts 1541 | -10/Materials | Learned Storage stockpile data 1755 | -10/Materials | Entered Mines 1756 | -10/Mines | Assembled infested the area 1756 | -10/Mines | Identified exit to Subcaves 1815 | -10/Mines | Core integrity fell below 50% 1821 | -10/Mines | Core integrity fell below 20% 1853 | -10/Mines | Lost 3 parts (1n1u1w) 1887 | -10/Mines | Destroyed by S-10 Pest with Light Assault Rifle Last Messages --------------- 01816_ Seismic Detector destroyed. 01817_ K-01 Serf collects debris. 01818_ Aluminum Leg destroyed. 01820_ K-01 Serf collects debris. 01820_ D-53 Grenadier destroyed. 01822_ EM Pulse Gun destroyed. 01824_ The unstable cave ceiling collapses. 01828_ D-53 Grenadier destroyed. 01831_ The unstable cave ceiling collapses. 01838_ K-01 Serf collects debris. 01840_ The unstable cave ceiling collapses. 01841_ K-01 Serf collects debris. 01862_ Acquired 25 matter. 01865_ Acquired 10 matter. 01865_ K-01 Serf collects debris. 01879_ S-10 Pest suffers critical hit (Burn). 01882_ Beam Rifle destroyed. 01883_ K-01 Serf collects debris. 01887_ S-10 Pest heat short circuits Lgt. Assault Rifle. Map ----- +----------------------------------------------------+ | ## # # #????????????? | | # ##???????????? | | # ###### ###?????????? | | #### ####????## ##????????? | | ???###?????????## ##???????? | | ???????????????## #???????? | | ??????????????## #???????? | | ?????????????## ##???????? | | ??????######## ##????????? | | ??????# ##????????? | | ??????# ##???????? | | ??????# ## #???????? | | ??????????# #???????? | | ??????????## #???????? | | ???????????## ? ##???????? | | ????????????## ##????????? | | ?????????????### ##?????????? | | ???????????????##% ##?????????? | | ????????????????## ##????????? | | ?????????????????## ##???????? | | ??????????????????## ##??????? | | ???????????????????## ##?????? | | ????????????????????## ###???? | | ?????????????????????# ##??? | | ?????????????????????# #??? | | ?????????????????????## @ #??? | | ??????????????????????## #??? | | ???????????????????????# s #?? | | ???????????????????????#s #?? | | ??????????????????????? #?? | | ??????????????????????? #?? | | ?????????????????????? #?? | | ?????????????????????? k##?? | | ????????????????????? #??? | | ????????????????????? s #??? | | ???????????????????? ##??? | | ????????????????????# ##???? | | ????????????????????## #?????? | | ?????????????????????####??????? | | ???????????????????????????????? | | ???????????????????????????????? | | ???????????????????????????????? | | ???????????????????????????????? | | ???????????????????????????????? | | ???????????????????????????????? | | ???????????????????????????????? | | ???????????????????????????????? | | ???????????????????????????????? | | ???????????????????????????????? | | ???????????????????????????????? | +----------------------------------------------------+ Best States ------------- Heat Dissipation 25 Energy Generation 10 Energy Capacity 250 Matter Stores 300 Matter Capacity 300 Sight Range 16 Robot Scan Range 14 Terrain Scan Density 10 Evasion (%) 55 Item Schematics ----------------- None Robot Schematics ------------------ None Fabricated ------------ Nothing Repaired ---------- Nothing Alien Tech Used ----------------- None Achievements -------------- None Challenges ------------ None Game ------ Seed PoweredRecyclingTreads Manual? 0 Play Time 00:17:27 Cumulative 133.5 hours Start 2025.10.11 @ 18:26:27 End 2025.10.11 @ 18:42:40 Sessions 1 Manual Loads 0 Difficulty Rogue Special Mode None Game No. 149 Rogue 149 Adventurer 0 Explorer 0 Win Type - Total 0 Types 0/0/0/0/0/0/0/0/0/0 Lore% 62 Gallery% 46 Achievement% 37 Wizard Run 0 Options --------- Layout 1 ASCII 0 Keyboard 0 Movement Mouse Keybinds 0 Fullscreen 2 Font 48/Smallcaps Map View 50x35 Zoom Use 0% Tactical HUD 1 Map Filters NONE Filters NONE Steam 0 RUN: 338e0a64-0f7a-4e25-ad37-5f5343e2272f